 Dungeon Crawl Stone Soup version 0.31.0-12-g77e489cdc1 (webtiles) character file.

Game seed: 2775686450169593414

244 EonDragon20 the Digger (level 6, -4/32 HPs)
             Began as a Gargoyle Earth Elementalist on Feb 13, 2024.
             Killed from afar by Ijyb (14 damage)
             ... with a puff of flame
             ... on level 3 of the Dungeon.
             The game lasted 00:05:28 (2142 turns).

EonDragon20 the Digger (GrEE)                       Turns: 2142, Time: 00:05:28

Health: -4/32      AC:  7    Str: 11    XL:     6   Next: 10%
Magic:  0/9        EV: 11    Int: 18    God:
Gold:   200        SH:  0    Dex: 10    Spells: 2/9 levels left

rFire   . . .        (no weapon)
rCold   . . .        (no shield)
rNeg    + . .        a - +0 robe
rPois   ∞            (no helmet)
rElec   +            (no cloak)
rCorr   .            g - +0 pair of gloves
SInv    .            (no boots)
Will    .....        (no amulet)
Stlth   ++           (no ring)
HPRegen 0.25/turn    (no ring)
MPRegen 0.11/turn

%: no passive effects
@: no status effects
A: sickness immunity, AC +4, negative energy resistance 1, electricity
resistance, torment resistance 1, petrification resistance
a: no special abilities


You were on level 3 of the Dungeon.
You visited 1 branch of the dungeon, and saw 3 of its levels.

You collected 200 gold pieces.

Inventory:

Armour
 a - a +0 robe (worn)
 g - a +0 pair of gloves (worn)
Scrolls
 d - a scroll of torment
Potions
 b - 2 potions of magic
 c - a potion of curing
 e - a potion of mutation {unknown}
 f - a potion of resistance
 h - a potion of enlightenment {unknown}
 j - a potion of berserk rage {unknown}
 k - 2 potions of ambrosia {unknown}
 l - 2 potions of heal wounds {unknown}


   Skills:
 - Level 1.5 Dodging
 - Level 2.1 Stealth
 - Level 2.0 Spellcasting
 * Level 4.5 Conjurations
 * Level 6.2 Earth Magic


You had 2 spell levels left.
You knew the following spells:

 Your Spells              Type           Power      Damage    Failure   Level
a - Sandblast             Erth           48%        2d12      1%          1
b - Stone Arrow           Conj/Erth      42%        3d9       6%          3
c - Passwall              Erth           24%        N/A       4%          3

Your spell library contained the following spells:

 Spells                   Type           Power      Damage    Failure   Level
 Magic Dart               Conj           72%        1d6       2%          1
 Searing Ray              Conj           36%        2d5       4%          2
 Brom's Barrelling Bould  Conj/Erth      21%        2d4       21%         4
 Petrify                  Alch/Erth      12%        N/A       45%         4
 Fulminant Prism          Conj/Alch      5%         3d7       56%         4


Dungeon Overview and Level Annotations

Branches:
Dungeon (3/15)

Altars:

Shops:
D:1 !

Annotations:
D:3 Ijyb


Innate Abilities, Weirdness & Mutations

You are immune to sickness and miasma.
Your stone body is resilient. (AC +4)
You are immune to poison.
You resist negative energy. (rN+)
You are resistant to electric shocks. (rElec)
You are resistant to unholy torment.
You are immune to petrification.


Message History

The stone arrow misses Ijyb.
Unknown command.
Casting: Stone Arrow (dangerous; 6% risk of failure)
Confirm with . or Enter, or press ? or * to list all spells.
Aiming: Stone Arrow (dangerous; 6% risk of failure)
Press: ? - help, Shift-Dir - straight line, f/p - Ijyb
Aim: Ijyb, wielding a +2 dagger of flaming, wearing a +0 leather armour and carrying a wand of flame (moderately wounded, 64% to hit)
The stone arrow hits Ijyb!
Ijyb is severely wounded.
You hit Ijyb but do no damage.
Ijyb is severely wounded.
Ijyb closely misses you.
You barely miss Ijyb.
Ijyb is severely wounded.
Ijyb misses you. Ijyb attacks as she pursues you!
Ijyb hits you with a +2 dagger of flaming!
Ijyb burns you.
You hit Ijyb but do no damage.
Ijyb is severely wounded.
Ijyb zaps a wand.
The puff of flame hits you.
You hit Ijyb but do no damage.
Ijyb is severely wounded.
Ijyb completely misses you.
Casting: Stone Arrow (dangerous; 6% risk of failure)
Confirm with . or Enter, or press ? or * to list all spells.
Aiming: Sandblast (safe; 1% risk of failure)
Press: ? - help, Shift-Dir - straight line, f/p - Ijyb
Aim: Ijyb, wielding a +2 dagger of flaming, wearing a +0 leather armour and carrying a wand of flame (severely wounded, 79% to hit)
The blast of sand hits Ijyb.
Ijyb is almost dead.
Ijyb hits you with a +2 dagger of flaming.
Ijyb burns you.
You hit Ijyb but do no damage.
Ijyb is almost dead.
Ijyb zaps a wand.
The puff of flame hits you.
You closely miss Ijyb.
Ijyb is almost dead.
Ijyb zaps a wand.
The puff of flame hits you!
You die...

..##.. (.##.# #.##.#
#.##.# #.##.#
####.##.######
#............#
#.##.##@####.#
#.....g.......#
#....#.##<.......
#.#.##.#######..# # #.
#.......#..# ### #
#######.#..# ...
##...#.#..## ###
#......#...#########
###...................


You could see Ijyb.

Vanquished Creatures
  Sigmund (D:2)
  Natasha (D:1)
  3 adders
  A dart slug (D:1)
  An endoplasm (D:2)
  2 giant cockroaches
  10 hobgoblins
  3 kobolds
  4 quokkas
  6 ball pythons
  2 bats
  2 frilled lizards
  3 rats (D:1)
39 creatures vanquished.

Notes
Turn   | Place    | Note
-------+----------+-------------------------------------------
     0 | D:1      | EonDragon20 the Gargoyle Earth Elementalist began the quest
                  | for the Orb.
     0 | D:1      | Reached XP level 1. HP: 10/10 MP: 3/3
   197 | D:1      | Found Fiabal's Distillery.
   233 | D:1      | Reached skill level 4 in Earth Magic
   233 | D:1      | Reached XP level 2. HP: 15/15 MP: 3/5
   750 | D:1      | Reached XP level 3. HP: 19/19 MP: 1/6
   754 | D:1      | Learned a level 3 spell: Stone Arrow
  1006 | D:2      | Noticed Natasha
  1013 | D:1      | Killed Natasha
  1015 | D:1      | Reached XP level 4. HP: 24/24 MP: 2/7
  1128 | D:2      | Found a faded altar of an unknown god.
  1190 | D:2      | Reached skill level 5 in Earth Magic
  1212 | D:2      | Noticed Sigmund
  1454 | D:2      | Killed Sigmund
  1455 | D:2      | Reached skill level 6 in Earth Magic
  1455 | D:2      | Reached XP level 5. HP: 14/28 MP: 3/8
  1455 | D:2      | Reached XP level 6. HP: 16/32 MP: 3/9
  1756 | D:2      | Learned a level 3 spell: Passwall
  2126 | D:3      | Noticed Ijyb
  2142 | D:3      | Killed from afar by Ijyb

Illustrated notes

Levels and vault maps discovered:
D:1:      nagdon_arrival_double_spiral, layout_basic, serial_shops,
          nicolae_shop_pleasant_corner_grove, skrybe_limestone_x
D:2:      layout_basic, shapermc_ecumenical_altar_starsandcircs, uniq_sigmund,
          uniq_natasha
D:3:      layout_loops_ring, chequers_big_river, uniq_ijyb

Skill      XL: |  1  2  3  4 |
---------------+-------------+-----
Earth Magic    | 4 6 |  6.2
Conjurations   | 2 3 4 |  4.5
Dodging        | |  1.5
Stealth        | |  2.1
Spellcasting   | |  2.0

Action                     |  1- 3 |  4- 6 || total
---------------------------+-------+-------++-------
  Melee: Unarmed           |     3 |     6 ||     9
   Cast: Sandblast         |    34 |    22 ||    56
         Stone Arrow       |       |     4 ||     4
    Use: Scroll            |     3 |     3 ||     6
 Armour: Robe              |     7 |     7 ||    14
  Dodge: Dodged            |    11 |     5 ||    16
